Map: Traitor's Exile

Players

Motacilla

  • Race: Terran Terran
  • Spawn Location: 9:00

Pet

  • Race: Terran Terran
  • Spawn Location: 12:00

Michael

  • Race: Zerg Zerg
  • League: Gold
  • Spawn Location: 5:00

MonstroTown

  • Race: Terran Terran
  • Spawn Location: 6:00

VOD

Have the link to the VOD?

Description

Time

  • Played on: Sept. 29, 2018, 1:11 a.m.
  • Length: 6:21
Show
View Real Time Build Order
Export as new Build Order

Motacilla Terran 

Build Orders: Cyclone Opening 

Get SALT Encoding   

  12  0:00  SCV  
  13  0:13  SCV  
  14  0:19  Supply Depot  
  14  0:25  SCV  
  15  0:40  Refinery  
  15  0:41  SCV  
  15  0:42  Refinery  
  16  0:53  Barracks  
  16  0:57  SCV  
  17  1:10  SCV  
  18  1:24  SCV  
  19  1:36  SCV  
  20  1:42  Factory  
  20  1:48  Barracks Reactor  
  20  1:51  Orbital Command  
  20  2:09  Supply Depot  
  20  2:17  SCV  
  20  2:20  Supply Depot  
  20  2:38  SCV  
  20  2:48  Cyclone  
  20  2:49  Marine  
  20  2:50  SCV  
  24  3:02  SCV  
  24  3:15  SCV  
  25  3:29  Cyclone x2  
  25  3:32  Barracks Tech Lab  
  31  3:39  SCV  
  32  3:44  Supply Depot  
  32  3:51  SCV, Marauder  
  34  4:16  Hellion  
  34  4:17  SCV, Hellion  
  39  4:29  SCV  
  40  4:38  Cyclone x2  
  43  4:41  SCV  
  36  4:53  SCV  
  36  4:56  Marauder  
  39  5:05  SCV  
  40  5:10  Hellion x2  
  44  5:17  SCV  
  45  5:29  SCV  
  45  5:32  Hellion  
  46  5:41  SCV  
  47  6:07  SCV  
Show
View Real Time Build Order
Export as new Build Order

Pet Terran 

Build Orders: Cyclone Opening 

Get SALT Encoding   

  12  0:02  SCV  
  13  0:14  SCV  
  14  0:20  Supply Depot  
  14  0:29  SCV, Refinery  
  15  0:42  SCV  
  16  0:48  Barracks  
  16  0:54  SCV  
  17  1:04  Refinery  
  17  1:06  SCV  
  18  1:18  SCV  
  19  1:30  SCV  
  20  1:36  Supply Depot  
  20  1:37  Factory  
  20  1:41  Barracks Reactor  
  20  1:45  SCV  
  21  2:04  SCV  
  21  2:05  Supply Depot  
  22  2:16  SCV  
  23  2:31  Cyclone x2  
  23  2:36  SCV  
  30  2:42  Supply Depot  
  30  3:03  Cyclone x2  
  36  3:28  Orbital Command  
  36  3:35  Cyclone x2  
  42  4:07  Cyclone  
  42  4:08  Cyclone  
  36  4:39  Cyclone  
  33  4:53  Cyclone  
  36  5:02  Command Center  
  36  5:11  Cyclone  
  39  5:14  Refinery  
  39  5:20  Refinery  
  39  5:25  Cyclone  
  42  5:43  Cyclone  
  43  6:11  Starport  
  43  6:13  Barracks  
Show
View Real Time Build Order
Export as new Build Order

Michael Zerg 

Build Orders: Hatch First 

Get SALT Encoding   

  12  0:01  Drone  
  13  0:12  Overlord  
  13  0:22  Drone  
  14  0:31  Drone x2  
  14  0:34  Drone  
  17  0:45  Drone  
  18  0:59  Hatchery  
  18  1:01  Drone  
  18  1:06  Extractor  
  17  1:17  Spawning Pool  
  16  1:24  Drone x2  
  18  1:28  Drone  
  19  1:45  Drone  
  20  1:49  Overlord  
  20  2:03  Drone  
  20  2:07  Queen  
  23  2:11  Metabolic Boost  
  23  2:12  Queen  
  25  2:17  Zergling x2  
  25  2:20  Zergling x2  
  27  2:23  Drone  
  27  2:27  Drone  
  29  2:32  Drone  
  29  2:33  Drone  
  31  2:50  Queen  
  33  2:52  Drone  
  33  2:53  Drone  
  34  3:16  Queen  
  34  3:17  Spine Crawler  
  34  3:24  Roach Warren, Spine Crawler  
  32  3:29  Extractor  
  32  3:30  Drone x4  
  32  3:31  Evolution Chamber  
  32  3:33  Drone  
  35  3:39  Overlord  
  35  3:44  Overlord  
  33  4:10  Zergling x18  
  33  4:11  Zergling x2  
  33  4:13  Zergling x2  
  26  4:56  Queen  
  26  4:57  Drone x5  
  26  4:58  Drone x4  
  28  5:28  Zergling x2  
  28  5:29  Zergling x12  
  35  5:42  Zergling x6  
  34  5:43  Zergling x2  
  25  6:17  Spine Crawler  
Show
View Real Time Build Order
Export as new Build Order

MonstroTown Terran 

Build Orders: Reaper Expand 

Get SALT Encoding   

  12  0:01  SCV  
  13  0:13  SCV  
  14  0:18  Supply Depot  
  14  0:25  SCV  
  15  0:39  SCV  
  15  0:41  Barracks  
  16  0:46  Refinery  
  16  0:52  SCV  
  17  1:04  SCV  
  18  1:16  SCV  
  19  1:28  Orbital Command  
  19  1:31  Reaper  
  20  1:45  Command Center  
  20  1:55  SCV  
  21  2:16  SCV  
  21  2:18  Marine  
  23  2:23  Factory  
  23  2:25  Barracks  
  23  2:56  Refinery  
  23  2:57  SCV  
  24  2:59  Orbital Command  
  24  3:03  Engineering Bay  
  24  3:05  Barracks Tech Lab  
  24  3:09  SCV  
  25  3:17  Factory Tech Lab  
  24  3:21  SCV  
  25  3:34  Marauder, Marine  
  27  3:36  Stimpack  
  27  3:38  SCV  
  29  3:51  Marine  
  29  3:52  SCV  
  29  3:54  Marine  
  32  4:09  Marine  
  33  4:10  Siege Tank  
  33  4:12  Marine  
  36  4:27  Marine  
  36  4:37  Marine  
  33  4:45  Marine  
  31  4:48  Orbital Command  
  31  4:50  Siege Tank  
  34  4:55  Marine  
  35  5:03  Starport  
  35  5:05  Barracks x2  
  35  5:06  Barracks Reactor  
  35  5:07  Barracks  
  35  5:08  Barracks  
  35  5:23  Marauder  
  30  5:44  Marine  
  34  5:59  Marine x4  
Tags
 
Add a new tag
Caveats
  • Supply blocks, unpowered buildings, or Contaminate may cause inaccurate times.
  • Supply counts are checked every 10 seconds.